 Dungeon Crawl Stone Soup version 0.29.0-5-ge4962eb29e (webtiles) character file.

Game seed: 3593265428129831656

4156 oldmanjim the Grappler (level 10, -1/107 HPs)
             Began as a Troll Cinder Acolyte on Aug 30, 2022.
             Was a High Priest of Ignis.
             Slain by a killer bee (7 damage)
             ... on level 9 of the Dungeon.
             The game lasted 00:20:09 (6404 turns).

oldmanjim the Grappler (Troll Cinder Acolyte)       Turns: 6404, Time: 00:20:10

Health: -1/107     AC:  5    Str: 28    XL:     10   Next: 7%
Magic:  10/10      EV:  9    Int: 10    God:    Ignis [*****.]
Gold:   313        SH:  0    Dex:  5    Spells: 11/11 levels left

rFire   + . .      SeeInvis .     - Unarmed
rCold   . . .      Faith    .   (no shield)
rNeg    . . .      Spirit   .   z - +0 robe
rPois   .          Reflect  .   (helmet restricted)
rElec   .          Harm     .   B - +0 cloak
rCorr   .          Rampage  .   (gloves unavailable)
Will    +....                   (boots unavailable)
Stlth   +.........              r - amulet of magic regeneration
HPRegen 1.07/turn               l - +4 ring of slaying
MPRegen 0.52/turn               t - ring of willpower

@: lethally poisoned (-1 -> -3)
A: large, unfitting armour, claws 3, regeneration 1, shaggy fur 1, tough skin 1
a: Renounce Religion, Fiery Armour, Foxfire Swarm, Rising Flame


You were on level 9 of the Dungeon.
You worshipped Ignis.
Ignis was extremely pleased with you.
You visited 2 branches of the dungeon, and saw 10 of its levels.

You collected 313 gold pieces.

Inventory:

Hand Weapons
 a - a +0 shortbow
Missiles
 c - 78 stones (quivered)
 d - 15 poisoned darts
 x - a throwing net
 A - a curare-tipped dart
Armour
 z - a +0 robe (worn)
 B - a +0 cloak (worn)
Magical Staves
 i - a staff of conjuration
Jewellery
 l - a +4 ring of slaying (left claw)
 p - a +4 ring of protection
 r - an amulet of magic regeneration (around neck)
 t - a ring of willpower (right claw)
 w - a +6 ring of strength
Wands
 v - a wand of flame (8)
 y - a wand of polymorph (5)
Scrolls
 f - a scroll of torment {unknown}
 g - a scroll of blinking
 h - a scroll of butterflies {unknown}
 k - 5 scrolls of magic mapping
 n - a scroll of fear
 o - 2 scrolls of immolation
Potions
 b - 3 potions of curing
 e - a potion of brilliance
 j - 2 potions of flight {unknown}
 m - a potion of haste {unknown}
 q - 2 potions of mutation
 s - a potion of resistance {unknown}
 u - a potion of ambrosia {unknown}


   Skills:
 + Level 9.1 Fighting
 + Level 10.8 Unarmed Combat
 - Level 1.0 Spellcasting
 - Level 2.1 Fire Magic


You had 11 spell levels left.
You didn't know any spells.
Your spell library contained the following spells:

 Spells                   Type           Power      Damage    Failure   Level
 Scorch                   Fire           8%         2d5       22%         2
 Ensorcelled Hibernation  Hex/Ice        0%         N/A       45%         2
 Conjure Flame            Conj/Fire      2%         6-21      54%         3
 Ignite Poison            Fire/Tmut/Pois 1%         N/A       61%         3
 Dazzling Flash           Conj/Hex       0%         N/A       71%         3
 Ozocubu's Armour         Ice            0%         N/A       71%         3
 Spider Form              Tmut/Pois      0%         N/A       71%         3
 Sticky Flame             Conj/Fire      2%         2d3       91%         4
 Anguish                  Hex/Necr       0%         N/A       98%         4
 Agony                    Necr           0%         N/A       100%        5
 Metabolic Englaciation   Hex/Ice        0%         N/A       100%        5
 Silence                  Hex/Air        0%         N/A       100%        5
 Simulacrum               Ice/Necr       0%         N/A       100%        6


Dungeon Overview and Level Annotations

Branches:
Dungeon (9/15)             Temple (1/1) D:6
   Lair: D:8-11         Orc: D:9-12

Altars:
Ashenzari
Elyvilon
Fedhas
Gozag
Hepliaklqana
Kikubaaqudgha
Makhleb
Nemelex Xobeh
Qazlal
Ru
Sif Muna
Uskayaw
Vehumet
Wu Jian
Xom
Yredelemnul
Zin

Shops:
D:4 (

Annotations:
D:5 exclusion: statue
D:8 Amaemon


Innate Abilities, Weirdness & Mutations

You are too large for most types of armour.
You have claws for hands.
Your natural rate of healing is unusually fast.
You are covered in fur. (AC +1)
You have tough skin. (AC +1)


Message History

The killer bee looks frightened! x3; The orc warrior looks frightened!
The orc priest looks frightened!
You feel sick. The killer bee misses you. The killer bee stings you.
* * * LOW HITPOINT WARNING * * *
There are monsters nearby!
You miss the killer bee.
You feel sick. The killer bee stings you.
* * * LOW HITPOINT WARNING * * *
You are more poisoned.
The killer bee poisons you!
You miss the killer bee.
You feel very sick. The killer bee stings you.
* * * LOW HITPOINT WARNING * * *
You are more poisoned.
The killer bee poisons you!
Cornered, the killer bee turns to fight!
The killer bee stings you.
* * * LOW HITPOINT WARNING * * *
You barely miss the killer bee.
You feel very sick. The killer bee stings you.
* * * LOW HITPOINT WARNING * * *
You are lethally poisoned!
The killer bee poisons you!
The killer bee stings you but does no damage.
You feel better. The killer bee stings you.
* * * LOW HITPOINT WARNING * * *
The killer bee barely misses you.
The killer bee stings you but does no damage.
The killer bee stings you!
* * * LOW HITPOINT WARNING * * *
You are poisoned.
The killer bee poisons you!
You are too injured to fight recklessly!
You scratch the killer bee.
The killer bee is moderately wounded.
You feel sick. The killer bee stings you.
* * * LOW HITPOINT WARNING * * *
The killer bee barely misses you. The killer bee stings you!
You die...

...... .....o#########
..............# ####
.......)).....# #..#
...........>..# #..#.....
......o.......# #..#.....
..............#####'###...###
#+########...........##...#..
#.y@........#....#..
+.y.........#....#..
#...........#....#..
########....####'#..
#...........# #........<..#
#####....<..# #.......#
#.......#


You could see an orc warrior (fleeing), 2 killer bees and an orc priest
(fleeing).

Vanquished Creatures
  Maurice (D:8)
  An unseen horror zombie (D:8)
  A hornet (D:7)
  5 yaks (D:8)
  A water moccasin (D:7)
  A sky beast (D:8)
  2 black bears
  A centaur (D:8)
  3 ogres
  A kobold brigand (D:8)
  2 bullfrogs (D:7)
  A wyvern zombie (D:8)
  3 scorpions
  10 wights
  A killer bee (D:7)
  A howler monkey (D:4)
  A centaur zombie (D:8)
  2 jellies
  4 hounds
  A human zombie (D:8)
  An orc priest (D:5)
  5 iguanas
  3 orc wizards
  A killer bee zombie (D:8)
  4 mummies (D:8)
  A howler monkey zombie (D:8)
  11 gnolls
  8 adders
  3 ufetubi
  A worm (D:2)
  6 dart slugs
  12 orcs
  3 ball pythons
  10 endoplasms
  3 giant cockroaches
  6 goblins
  8 hobgoblins
  14 kobolds
  5 quokkas
  6 bats
  A frilled lizard (D:1)
  4 rats
159 creatures vanquished.

Notes
Turn   | Place    | Note
-------+----------+-------------------------------------------
     0 | D:1      | oldmanjim the Troll Cinder Acolyte began the quest for the
                  | Orb.
     0 | D:1      | Reached XP level 1. HP: 22/22 MP: 1/1
   155 | D:1      | Reached XP level 2. HP: 29/29 MP: 2/2
   565 | D:1      | Reached XP level 3. HP: 37/37 MP: 3/3
   907 | D:2      | Reached skill level 4 in Unarmed Combat
  1062 | D:2      | Reached XP level 4. HP: 45/45 MP: 4/4
  2046 | D:3      | Reached XP level 5. HP: 32/54 MP: 5/5
  2354 | D:4      | Found a glowing silver altar of Zin.
  2671 | D:4      | Noticed a black bear
  2678 | D:4      | Killed a black bear
  2679 | D:4      | Reached skill level 5 in Unarmed Combat
  2679 | D:4      | Reached XP level 6. HP: 62/63 MP: 6/6
  2838 | D:4      | Found Neas's Antique Weapon Shoppe.
  3121 | D:5      | Entered Level 5 of the Dungeon
  3205 | D:5      | Reached skill level 6 in Unarmed Combat
  3251 | D:5      | Reached skill level 5 in Fighting
  3251 | D:5      | Reached XP level 7. HP: 68/72 MP: 7/7
  3447 | D:5      | Found a radiant altar of Vehumet.
  3777 | D:5      | Found a hazy altar of Hepliaklqana.
  4156 | D:6      | Found a staircase to the Ecumenical Temple.
  4195 | D:6      | Found a sparkling altar of Nemelex Xobeh.
  4277 | D:6      | Reached skill level 7 in Unarmed Combat
  4279 | D:6      | Reached XP level 8. HP: 81/83 MP: 8/8
  4447 | D:6      | Found an ancient bone altar of Kikubaaqudgha.
  4503 | Temple   | Entered the Ecumenical Temple
  4841 | D:7      | Found a shimmering altar of Xom.
  4910 | D:7      | Noticed a hornet
  4927 | D:7      | Killed a hornet
  4928 | D:7      | Reached skill level 8 in Unarmed Combat
  5358 | D:7      | Found a broken altar of Ashenzari.
  5590 | D:7      | Found a broken altar of Ashenzari.
  5609 | D:7      | Reached XP level 9. HP: 47/91 MP: 9/9
  5817 | D:8      | Identified the +7 plate armour of Watchfulness {Rampage
                  | rCorr MP+9 Dex+2}
  5850 | D:8      | Reached skill level 9 in Unarmed Combat
  5947 | D:8      | Reached skill level 10 in Unarmed Combat
  6105 | D:8      | Found a basalt altar of Yredelemnul.
  6215 | D:8      | Noticed Amaemon
  6245 | D:8      | Noticed an orange demon
  6250 | D:8      | Noticed Maurice
  6255 | D:8      | Killed Maurice
  6256 | D:8      | Reached XP level 10. HP: 44/107 MP: 10/10
  6404 | D:9      | Slain by a killer bee

Illustrated notes

Levels and vault maps discovered:
D:1:      minmay_arrival_arboretum_large, layout_basic
D:2:      layout_basic, kennysheep_nondescript, serial_bayou_lake_a
D:3:      minmay_skewed_foursquare, layout_loops_corners,
          nicolae_figureground_sparkle
D:4:      layout_cave_pods, nicolae_overflow_crystal_walls, serial_shops,
          nicolae_diamond_shop
D:5:      layout_basic, lemuel_crystal_altar, vehumet_statue
D:6:      layout_basic, lemuel_doored_altar, marbit_many_paths,
          minmay_temple_entry_hall, chequers_arboretum
D:7:      layout_basic, mainiacjoe_overflow_concentric_impassable,
          lemuel_coloured_pillars_altar, grunt_temple_overflow_bloody_war,
          hangedman_decor_push, hangedman_feature_mirror, centaur_isle
D:8:      layout_basic, lemuel_mausoleum_altar_yredelemnul, uniq_prince_ribbit1,
          uniq_amaemon, uniq_maurice
D:9:      layout_gridville, kennysheep_mini_moat
Temple:   nicolae_temple_two_arcs

Skill      XL: |  1  2  3  4  5  6  7  8  9 |
---------------+----------------------------+-----
Fighting       | 3 4 5 6 7 9 |  9.1
Unarmed Combat | 4 5 6 7 8 10 | 10.8
Spellcasting   | |  1.0
Fire Magic     | |  2.1

Action                   |  1- 3 |  4- 6 |  7- 9 | 10-12 || total
-------------------------+-------+-------+-------+-------++-------
Melee: Unarmed           |    97 |   149 |   224 |     9 ||   479
       Punch             |       |     1 |    10 |       ||    11
  Use: Scroll            |       |       |    12 |     1 ||    13
       Potion            |       |       |     1 |     1 ||     2
Armor: Robe              |    40 |    45 |    81 |     5 ||   171
Dodge: Dodged            |    43 |    54 |    85 |    12 ||   194
